Map: Omicron

Players

Blubbel

  • Race: Terran Terran
  • League: Silver
  • Spawn Location: 7:00

zod

  • Race: Terran Terran
  • League: Silver
  • Spawn Location: 9:00

kurtiii

  • Race: Zerg Zerg
  • Spawn Location: 1:00

PTDQ

  • Race: Terran Terran
  • League: Diamond
  • Spawn Location: 3:00

VOD

Have the link to the VOD?

Description

Time

  • Played on: Jan. 3, 2016, 8:30 a.m.
  • Length: 4:40
Show
View Real Time Build Order
Export as new Build Order

Blubbel Terran 

Build Orders:  

Get SALT Encoding   

  12  0:01  SCV  
  13  0:14  SCV  
  14  0:26  SCV  
  14  0:28  Supply Depot  
  15  0:44  Refinery  
  15  0:49  SCV  
  16  0:51  Barracks  
  16  1:01  SCV  
  16  1:02  Refinery  
  17  1:14  SCV  
  18  1:26  SCV  
  19  1:38  SCV  
  20  1:50  Orbital Command  
  20  1:51  Supply Depot  
  20  1:57  Factory  
  20  2:11  Marine  
  21  2:17  SCV  
  22  2:29  SCV, Marine  
  24  2:33  Engineering Bay  
  23  3:07  Starport  
  20  3:25  SCV  
  17  3:37  SCV  
  16  3:49  SCV  
  12  3:56  Widow Mine  
  12  4:01  SCV  
  14  4:14  SCV  
  15  4:22  Engineering Bay  
  15  4:26  SCV  
Show
View Real Time Build Order
Export as new Build Order

zod Terran 

Build Orders:  

Get SALT Encoding   

  12  0:01  SCV  
  13  0:13  SCV  
  14  0:24  Supply Depot  
  14  0:25  SCV  
  15  0:46  SCV  
  15  0:48  Barracks  
  16  0:51  Refinery  
  16  0:58  SCV  
  16  1:03  Supply Depot  
  17  1:10  SCV  
  18  1:16  Barracks  
  18  1:22  SCV  
  19  1:28  Supply Depot  
  19  1:37  Marine  
  20  1:51  Refinery  
  20  1:59  Barracks  
  20  2:17  Orbital Command  
  20  2:35  Command Center  
  20  2:51  Factory  
  20  2:52  Barracks Tech Lab  
  20  2:55  Barracks Reactor  
  20  2:59  Barracks Tech Lab  
  20  3:22  Marine  
  20  3:39  Marine x2  
  20  3:40  Marine x2  
  24  3:47  Widow Mine  
  26  3:57  Marine  
  26  3:58  Marine  
  27  4:16  Marine  
Show
View Real Time Build Order
Export as new Build Order

kurtiii Zerg 

Build Orders: Hatch First 

Get SALT Encoding   

  12  0:01  Drone  
  13  0:13  Overlord  
  13  0:20  Drone  
  14  0:31  Drone  
  14  0:33  Drone  
  16  0:51  Hatchery  
  15  1:00  Drone  
  15  1:01  Drone  
  17  1:11  Spawning Pool  
  17  1:15  Drone  
  17  1:20  Drone  
  18  1:25  Extractor  
  18  1:28  Drone  
  18  1:38  Overlord  
  18  1:59  Queen  
  18  2:00  Drone  
  18  2:01  Drone  
  22  2:04  Queen  
  24  2:11  Drone x2  
  26  2:19  Drone  
  27  2:31  Drone x2  
  29  2:53  Metabolic Boost  
  29  2:55  Drone  
  29  2:56  Drone x2, Overlord x2  
  29  2:57  Overlord  
  32  3:17  Zergling x10  
  36  3:23  Baneling Nest  
  36  3:25  Drone x2  
  36  3:26  Drone x3  
  40  3:36  Evolution Chamber  
  39  3:59  Zergling x2  
  39  4:00  Zergling x12  
  46  4:09  Extractor  
  45  4:19  Overlord x2  
  45  4:20  Zergling x2  
  45  4:21  Zergling x10  
Show
View Real Time Build Order
Export as new Build Order

PTDQ Terran 

Build Orders:  

Get SALT Encoding   

  12  0:01  SCV  
  13  0:17  Supply Depot, SCV  
  14  0:29  SCV  
  15  0:41  SCV  
  15  0:42  Barracks  
  16  0:47  Refinery  
  16  0:54  SCV  
  17  1:06  SCV  
  17  1:08  Barracks  
  18  1:18  SCV  
  19  1:31  Reaper  
  20  1:33  Orbital Command  
  20  1:41  Supply Depot  
  20  1:52  Barracks  
  20  1:56  Reaper  
  20  2:00  SCV  
  22  2:08  Reaper  
  23  2:14  SCV  
  24  2:19  Supply Depot  
  24  2:26  SCV  
  25  2:38  Barracks Reactor, SCV  
  25  2:42  Engineering Bay  
  26  2:47  Barracks Tech Lab  
  26  2:51  SCV  
  27  2:58  Supply Depot  
  27  3:00  Barracks Reactor  
  27  3:03  SCV  
  28  3:07  Marine  
  29  3:15  SCV  
  30  3:25  Marine  
  31  3:27  SCV  
  32  3:38  Marine x2  
  34  3:43  Marine  
  35  3:51  Marine x2  
  37  3:56  Marine x2  
  37  4:01  Marine  
  40  4:08  Supply Depot  
  40  4:09  Marine x2  
  42  4:13  Marine  
  42  4:14  Missile Turret x2  
  42  4:16  Marine  
  44  4:18  SCV, Marine  
  49  4:32  Supply Depot x2  
Tags
 
Add a new tag
Caveats
  • Supply blocks, unpowered buildings, or Contaminate may cause inaccurate times.
  • Supply counts are checked every 10 seconds.